AoeStats
← crtolino93

Nomad

503998303Analyzed
4v4 RM · 1mo ago on Sep 3, 2026· 46m 25s· 8 players
Game mode
Random Map
Map size
231×231
Population
200
Speed
Normal
Resources
Standard
Victory
Conquest
Starting age
Dark Age
Ending age
Imperial Age
RankedLock teamsTeams togetherTeam positionsShared explorationLock speedFull tech treeHidden civsTurbo modeCheats
Victory
Defeat
🇨🇳 Spanish · China
1225
+15
🇨🇳 Cumans · China
1214
+16
🇭🇰 Huns · Hong Kong SAR China
1199
+17
🇨🇳 Wei · China
1185
+17
🇦🇷 Berbers · Argentina
1252
-17
🇨🇳 Lithuanians · China
1210
-16
🇸🇮 Spanish · Slovenia
1199
-16
🇸🇮 Vikings · Slovenia
1197
-16
霸霸养
9:33 Loom
13:58 Feudal Age
14:34 Double-Bit Axe
14:31 Horse Collar
23:59 Castle Age
21:46 Town Watch
22:37 Wheelbarrow
23:08 Scale Barding Armor
24:24 Forging
24:30 Gold Mining
24:34 Capped Ram
25:29 Bloodlines
26:15 Bow Saw
27:48 Iron Casting
28:57 Gold Shaft Mining
28:24 Heavy Plow
29:47 Chain Barding Armor
32:29 Hand Cart
39:01 Imperial Age
39:33 Stone Mining
39:13 Elite Steppe Lancer
40:59 Plate Barding Armor
42:24 Blast Furnace
44:21 Town Patrol
45:30 Two-Man Saw
game 4 fun
5:54 Loom
16:30 Feudal Age
20:13 Castle Age
18:07 Double-Bit Axe
19:26 Fletching
19:21 Horse Collar
21:11 Medium Warships
21:03 Bodkin Arrow
21:17 Gold Mining
24:45 Fishing Lines
25:01 Town Watch
29:05 Wheelbarrow
28:41 Padded Archer Armor
29:37 Bow Saw
30:01 Bloodlines
31:36 Leather Archer Armor
32:20 Ballistics
32:40 Husbandry
33:43 Gillnets
34:43 Heavy Plow
36:01 Hand Cart
37:17 Gold Shaft Mining
39:51 Thumb Ring
42:52 Imperial Age
42:12 Stone Mining
41:52 Light Cavalry
42:39 Scale Barding Armor
43:11 Heavy Cavalry Archer
43:53 Bracer
45:09 Chemistry
44:36 Parthian Tactics
45:06 Conscription
46:15 Forging
46:21 Hussar
我很牛逼
5:00 Loom
13:28 Feudal Age
19:40 Castle Age
38:26 Wheelbarrow
44:23 Imperial Age
43:35 Double-Bit Axe
43:39 Horse Collar
44:51 Bow Saw
45:26 Hand Cart
45:48 Conscription
46:41 Heavy Plow
fay
15:26 Feudal Age
18:44 Loom
22:54 Castle Age
24:19 Thumb Ring
27:24 Fletching
28:02 Bloodlines
27:53 Husbandry
27:48 Double-Bit Axe
28:55 Horse Collar
30:56 Husbandry
31:56 Town Watch
32:24 Padded Archer Armor
35:09 Ballistics
39:49 Bodkin Arrow
42:44 Coinage
m00n
17:30 Feudal Age
21:27 Castle Age
19:27 Double-Bit Axe
22:26 Wheelbarrow
24:59 Horse Collar
XXXXXXXXXIA
5:26 Loom
14:08 Feudal Age
20:28 Castle Age
18:51 Double-Bit Axe
18:58 Horse Collar
20:03 Stone Mining
20:07 Gold Mining
22:20 Wheelbarrow
22:55 Bow Saw
26:16 Husbandry
28:28 Hand Cart
33:25 Imperial Age
32:18 Scale Barding Armor
32:24 Forging
35:12 Conscription
35:32 Elite Leitis
Rototom
10:57 Loom
14:06 Feudal Age
18:30 Castle Age
16:39 Double-Bit Axe
19:52 Bow Saw
21:42 Husbandry
24:34 Horse Collar
25:25 Heavy Plow
25:39 Gold Mining
27:51 Wheelbarrow
27:36 Thumb Ring
29:45 Fletching
29:57 Padded Archer Armor
31:14 Bloodlines
32:21 Bodkin Arrow
35:27 Imperial Age
34:31 Gold Shaft Mining
33:49 Stone Mining
34:19 Hand Cart
36:10 Bracer
36:26 Leather Archer Armor
38:00 Conscription
37:17 Heavy Camel Rider
38:49 Forging
38:44 Scale Barding Armor
39:10 Ring Archer Armor
38:46 Elite Genitour
41:00 Elite Camel Archer
44:32 Chain Barding Armor
44:48 Iron Casting
45:16 Crop Rotation
crtolino93
8:56 Loom
14:13 Feudal Age
14:55 Double-Bit Axe
15:22 Fishing Lines
18:25 Horse Collar
18:33 Town Watch
21:24 Castle Age
22:42 Bow Saw
21:56 Crossbowman
22:29 Fletching
22:40 Padded Archer Armor
25:35 Leather Archer Armor
25:29 Gold Mining
29:11 Bodkin Arrow
29:59 Medium Warships
32:26 Stone Mining
32:07 Pikeman
32:52 Heavy Plow
33:50 Scale Mail Armor
37:24 Imperial Age
35:13 Squires
36:15 Coinage
35:59 Forging
37:54 Arbalester
39:00 Ballistics
39:41 Chemistry
38:43 Bracer
39:45 Crop Rotation
38:42 Capped Ram
40:59 Banking
41:43 Chain Mail Armor
41:33 Murder Holes
43:28 Conscription
44:59 Plate Mail Armor
45:05 Iron Casting
45:42 Arson
45:35 Elite Skirmisher
Connection lost

Rejoining the realm…

Still unreachable

The connection could not be restored.

Session expired

The server has moved on; the page needs a fresh start.